 Dungeon Crawl Stone Soup version 0.31-a0-795-g5eb97db20b (webtiles) character file.

Game seed: 1759217067933446639

81 ytrimaz the Insei (level 4, 0/18 HPs)
             Began as an Octopode Shapeshifter on Sept 18, 2023.
             Slain by a goblin
             ... wielding a +0 club
              (4 damage)
             ... on level 2 of the Dungeon.
             The game lasted 00:01:30 (960 turns).

ytrimaz the Insei (Octopode Shapeshifter)            Turns: 960, Time: 00:01:31

Health: 0/18       AC:  1    Str: 13    XL:     4   Next: 42%
Magic:  4/4        EV: 10    Int: 12    God:
Gold:   55         SH:  0    Dex: 13    Spells: 3/3 levels left

rFire   . .          .
                       - Unarmed
rCold   . . .        (shield currently unavailable)
rNeg    . . .        (helmet restricted)
rPois   .            (no amulet)
rElec   .            (no ring)
rCorr   .            (no ring)
SInv    .            (no ring)
Will    .....        (no ring)
Stlth   +            (no ring)
HPRegen 0.23/turn    (no ring)
MPRegen 0.09/turn    (no ring)
                     (no ring)

%: no passive effects
@: flux-form, glowing, constricted
A: glow, contaminating, reduced hp, almost no armour, amphibious, 8 rings,
camouflage 1, gelatinous body 1, (nimble swimmer 1), tentacles
a: Begin Untransformation


You were on level 2 of the Dungeon.
You were something dangerously unstable.
You visited 1 branch of the dungeon, and saw 2 of its levels.

You collected 55 gold pieces.


Innate Abilities, Weirdness & Mutations

You are something dangerously unstable.
You glow with magical radiation, making you easy to see and hit.
Foes you strike become dangerously contaminated with magical radiation.
Your maximum health is decreased, since you lack skill for your form.
You are incapable of wielding weapons or throwing items.
You cannot wear most types of armour.
You are amphibious.
You can wear up to eight rings at the same time.
Your skin changes colour to match your surroundings (Stealth+).
Your rubbery body absorbs attacks. (AC +1, EV +1)
((You are camouflaged when in or above water. (Stealth+)))
You have tentacles for arms and can constrict up to eight enemies at once.


   Skills:
 - Level 1.0 Fighting
 + Level 2.7 Dodging
 + Level 2.5 Stealth
 + Level 3.6 Unarmed Combat
 + Level 3.5 Shapeshifting


You had 3 spell levels left.
You didn't know any spells.
Your spell library was empty.

Inventory:

Talismans
 b - a beast talisman
 c - a flux talisman (active)
Scrolls
 d - 2 scrolls of teleportation
 g - a scroll of identify {unknown}
Potions
 a - 2 potions of lignification
 e - a potion of berserk rage {unknown}
 f - a potion of haste {unknown}

Dungeon Overview and Level Annotations

Branches:
Dungeon (2/15) Zot: 11042

Altars:

#. #. #.# #. ... #.# ..... ...
####### #.# ##### .... #.....#
#.# .....#.....# #.# #.....#
.....#$....###.#######.....####
...........##........+.....+...
....w......##Sp#######.....####
.............g.....# #.....# #.
...................# #.....# #.
...................###.....# #.
......##+##......[.''#.....# #.
...... ##.............†#####.
...... #..................##.
####. #..................+.. #.
......................##.


You could see a goblin and a ball python.


Message History

You kill Terence!
Your Stealth skill increases to level 2!
You have reached level 4! 😮 HP[+3] MP[+1]
You now have 28 max hp (+5).
You regained 3 hp, and now have 16/28 hp.
Your mp is fully restored (4).
An adder comes into view.
You see here a scroll labelled CISSUAROME. 😎 HP[+12]
Your hp is fully restored (28).
Unknown command.
An adder is nearby!
An adder is nearby!
An adder is nearby!
The helpless adder fails to defend itself.
You tentacle-slap the adder. Your grab misses the adder.
Your squeeze misses the adder. The adder barely misses you.
You closely miss the adder. You grab the adder. You squeeze the adder!
You constrict the adder. The adder bites you.
The adder closely misses you. 😕 HP[-2]
You take 2 damage, and now have 26/28 hp.
You tentacle-slap the adder.
You kill the adder! 😕 HP[+1]
You see here an adder corpse.
No target in view!
You see here an adder corpse.
g - a scroll labelled CISSUAROME 😎 HP[+1]
Your hp is fully restored (28).
You now have 55 gold pieces (gained 12).
Found a stone staircase leading down.
You open the door.
There is an open door here.
a - 2 potions of lignification (gained 1)
You see here a +0 robe.
You open the large door.
A goblin comes into view. It is wielding a +0 club.
A goblin is nearby!
You begin transforming.
You continue transforming. x3
Your transformation has ended.
You turn into something dangerously unstable. 😎 HP[-10]
You now have 18 max hp (-10).
Unknown command.
Unknown command.
A ball python comes into view.
An adder comes into view.
The adder hisses angrily.
The goblin shouts!
You miss the adder. Your grab misses the adder. The adder bites you.
A worm comes into view. 😕 HP[-1]
You take 1 damage, and now have 17/18 hp.
You tentacle-slap the adder.
The adder begins to glow.
Your grab misses the adder. The adder barely misses you. 😎 HP[+1]
Your hp is fully restored (18).
You tentacle-slap the adder.
The adder glows dangerously bright.
You grab the adder. You constrict the adder. The adder barely misses you.
The ball python bites you. The ball python completely misses you.
The goblin barely misses you. 😕 HP[-3]
You take 3 damage, and now have 15/18 hp.
Unknown command.
You tentacle-slap the adder.
The adder shudders as magic cascades through it!
You kill the adder!
The ball python bites you. The ball python completely misses you.
The goblin closely misses you. 😮 HP[-3]
You take 3 damage, and now have 12/18 hp.
You are too injured to fight recklessly!
Unknown command.
The ball python attacks as it pursues you!
The ball python bites you. The ball python grabs you.
The ball python constricts you. The ball python bites you.
* * * LOW HITPOINT WARNING * * *
The ball python constricts you.
* * * LOW HITPOINT WARNING * * *
😨 HP[-6]
You take 6 damage, and now have 6/18 hp.
MASSIVE DAMAGE!! (PAUSE)
You escape the ball python's grasp. 😨 HP[+1] Unknown command.
Unknown command.
The ball python attacks as it pursues you!
The ball python misses you. The ball python grabs you.
The ball python constricts you.
* * * LOW HITPOINT WARNING * * *
The ball python's grasp on you weakens, but your attempt to escape fails.
The ball python bites you.
* * * LOW HITPOINT WARNING * * *
The ball python constricts you.
* * * LOW HITPOINT WARNING * * *
The goblin hits you with a +0 club.
You die...

Skill      XL: |  1  2  3 |
---------------+----------+-----
Stealth        | 1 2 |  2.5
Fighting       | |  1.0
Dodging        | |  2.7
Unarmed Combat | |  3.6
Shapeshifting  | |  3.5

Action                     |  1- 3 |  4- 6 || total
---------------------------+-------+-------++-------
  Melee: Unarmed           |    51 |     7 ||    58
         Tentacles         |    13 |     1 ||    14
         Constrict         |    10 |     2 ||    12
    Use: Scroll            |     2 |       ||     2
   Stab: Sleeping          |     6 |     1 ||     7
 Armour: Skin              |    18 |     8 ||    26
  Dodge: Dodged            |    20 |     9 ||    29
   Form: Flux              |       |     1 ||     1

Levels and vault maps discovered:
D:1:      dpeg_arrival_rooms_a, layout_basic
D:2:      layout_basic, basic_altar, uniq_terence, uniq_crazy_yiuf_cottage,
          uniq_robin

Notes
Turn   | Place    | Note
-------+----------+-------------------------------------------
     0 | D:1      | ytrimaz the Octopode Shapeshifter began the quest for the
                  | Orb.
     0 | D:1      | Reached XP level 1. HP: 13/13 MP: 1/1
     0 | D:1      | magus.rc [v1.9.6]
   131 | D:1      | Reached skill level 1 in Stealth
   131 | D:1      | Reached XP level 2. HP: 18/18 MP: 2/2
   725 | D:2      | Reached XP level 3. HP: 23/23 MP: 3/3
   817 | D:2      | Noticed Terence
   827 | D:2      | Killed Terence
   828 | D:2      | Reached skill level 2 in Stealth
   828 | D:2      | Reached XP level 4. HP: 16/28 MP: 4/4
   960 | D:2      | HP: 4/18 [constriction (1)]
   960 | D:2      | Slain by a goblin

Vanquished Creatures
  Terence (D:2)
  3 adders (D:2)
  A dart slug (D:1)
  5 ball pythons
  A bat (D:1)
  5 endoplasms
  A giant cockroach (D:1)
  A goblin (D:2)
  2 hobgoblins
  A frilled lizard (D:1)
  4 kobolds (D:1)
  4 rats (D:1)
29 creatures vanquished.

Table legend:
 A = Non-vault XP
 B = Vault XP
 C = Vault XP percentage of total XP
 D = Non-vault monster count
 E = Vault monster count
 F = Vault count percentage of total count
                 A         B        C        D         E       F
            +---------+---------+-------+---------+---------+-------
      Total |      81 |      36 |  30.8 |      28 |       1 |   3.4
            +---------+---------+-------+---------+---------+-------
        D:1 |      33 |       0 |   0.0 |      21 |       0 |   0.0
        D:2 |      48 |      36 |  42.9 |       7 |       1 |  12.5
            +---------+---------+-------+---------+---------+-------

Skill      XL: |  1  2  3 |
---------------+----------+-----
Stealth        | 1 2 |  2.5
Fighting       | |  1.0
Dodging        | |  2.7
Unarmed Combat | |  3.6
Shapeshifting  | |  3.5

Action                     |  1- 3 |  4- 6 || total
---------------------------+-------+-------++-------
  Melee: Unarmed           |    51 |     7 ||    58
         Tentacles         |    13 |     1 ||    14
         Constrict         |    10 |     2 ||    12
    Use: Scroll            |     2 |       ||     2
   Stab: Sleeping          |     6 |     1 ||     7
 Armour: Skin              |    18 |     8 ||    26
  Dodge: Dodged            |    20 |     9 ||    29
   Form: Flux              |       |     1 ||     1

Illustrated notes

Table legend:
 A = Kills in this place as a percentage of kills in the entire game.
 B = Kills by you in this place as a percentage of kills by you in the entire game.
 C = Kills by friends in this place as a percentage of kills by friends in the entire game.
 D = Other kills in this place as a percentage of other kills in the entire game.
 E = Experience gained in this place as a percentage of experience gained in the entire game.
 F = Experience gained in this place divided by the number of levels of this place that you have seen.
                   A       B       C       D       E      F
               +-------+-------+-------+-------+-------+----------------------
         Total | 100.0 | 100.0 |   N/A |   N/A | 100.0 |  58.5
       Dungeon | 100.0 | 100.0 |   N/A |   N/A | 100.0 |  58.5
               +-------+-------+-------+-------+-------+----------------------

Table legend: (Time is in decaauts)
 A = Elapsed time spent in this place.
 B = Non-inter-level travel time spent in this place.
 C = Inter-level travel time spent in this place.
 D = Time resting spent in this place.
 E = Time spent auto-exploring this place.
 F = Levels seen in this place.
 G = Mean time per level.
                   A        B        C        D        E       F      G
               +--------+--------+--------+--------+--------+-----+--------+
         Total |    956 |    935 |     21 |      0 |    713 |   2 |  478.0 |
       Dungeon |    956 |    935 |     21 |      0 |    713 |   2 |  478.0 |
               +--------+--------+--------+--------+--------+-----+--------+

Top non-repeatable levels by time:
     D:1: 716 daAuts
     D:2: 240 daAuts
